 Dungeon Crawl Stone Soup version 0.23-a0-419-g0174fd8 (webtiles) character file.

88 Geeful the Sneak (level 4, -9/39 HPs)
             Began as a Naga Warper on Nov 13, 2018.
             Was an Initiate of Nemelex Xobeh.
             Mangled by a wyvern (14 damage)
             ... summoned by the player character
             ... on level 3 of the Dungeon.
             The game lasted 00:20:24 (3131 turns).

Geeful the Sneak (Naga Warper)                      Turns: 3131, Time: 00:20:25

Health: -9/39      AC:  2    Str: 13    XL:     4   Next: 53%
Magic:  6/7        EV:  9    Int: 13    God:    Nemelex Xobeh [......]
Gold:   76         SH:  0    Dex: 12    Spells: 4/8 levels left

rFire    . . .     SeeInvis +   a - +0 short sword
rCold    . . .     Gourm    .   (no shield)
rNeg     . . .     Faith    .   b - +0 leather armour
rPois    +         Spirit   .   (no helmet)
rElec    .         Reflect  .   (no cloak)
rCorr    .         Harm     .   (no gloves)
MR       .....                  (no barding)
Stlth    ++........             (no amulet)
HPRegen  0.13/turn              (no ring)
MPRegen  0.10/turn              (no ring)

@: very slightly contaminated, very slow
A: large, see invisible, deformed body, poison resistance, slowness 2, slow
metabolism 1, spit poison 1, AC +1
a: Spit Poison, Renounce Religion


You were on level 3 of the Dungeon.
You worshipped Nemelex Xobeh.
Nemelex Xobeh was noncommittal.
You were not hungry.

You visited 1 branch of the dungeon, and saw 3 of its levels.

You collected 76 gold pieces.

Inventory:

Hand Weapons
 a - a +0 short sword (weapon)
Missiles
 e - 5 tomahawks of dispersal (quivered)
 j - 3 poisoned needles
Armour
 b - a +0 leather armour (worn)
Scrolls
 d - a scroll of blinking
 m - a scroll of fear {unknown}
 o - a scroll of teleportation {unknown}
 q - a scroll of immolation {unknown}
 s - a scroll of magic mapping {unknown}
Potions
 c - a potion of magic {unknown}
 g - a potion of resistance {unknown}
 i - a potion of mutation {unknown}
 l - 2 potions of brilliance
 n - a potion of curing {unknown}
 p - a potion of degeneration {unknown}
 t - a potion of heal wounds
 v - a potion of flight {unknown}
Miscellaneous
 h - a plain deck of summoning {drawn: 1}
Comestibles
 f - 3 rations
 r - a chunk of flesh


   Skills:
 + Level 2.2 Fighting
 + Level 3.1 Short Blades
 - Level 0.8 Throwing
 - Level 0.7 Armour
 - Level 1.5 Dodging
 + Level 3.4 Stealth
 - Level 2.5 Spellcasting
 - Level 1.0 Charms
 - Level 3.0 Translocations


You had 4 spell levels left.
You knew the following spells:

 Your Spells              Type           Power        Failure   Level  Hunger
a - Shroud of Golubria    Chrm/Tloc      #.........   21%         2    ###....
b - Blink                 Tloc           N/A          14%         2    ###....

Your spell library contained the following spells:

 Spells                   Type           Power        Failure   Level  Hunger
 Gell's Gravitas          Tloc           #.........   26%         3    ###....
 Lesser Beckoning         Tloc           #.........   26%         3    ###....
 Teleport Other           Tloc           #.......     26%         3    ###....
 Passage of Golubria      Tloc           N/A          65%         4    #####..


Dungeon Overview and Level Annotations

Branches:
Dungeon (3/15)

Altars:
Hepliaklqana
Nemelex Xobeh
Okawaru
Uskayaw
Xom


Innate Abilities, Weirdness & Mutations

You cannot wear boots.
Your serpentine skin is tough. (AC +1)
You have supernaturally acute eyesight. (SInv)
Armour fits poorly on your strangely shaped body.
Your system is resistant to poisons. (rPois)
You cover ground very slowly.
You have a slow metabolism.
You can spit poison.


Message History

You feel slightly more hungry.
The orc wizard gestures wildly while chanting.
The orc wizard seems to speed up.
Evoke which item? (* to show all) (? for menu, Esc to quit)
You draw a card...
It is Foxfire.
The orc hits you with a +2 dagger of venom.
Your shroud falls apart!
Your wyvern barely misses the wyvern.
The wyvern bites you!
Your wyvern bites the wyvern.
The wyvern bites you!
* * * LOW HITPOINT WARNING * * *
Blink to where?
Press: ? - help, Dir - move target cursor, p - orc wizard You are very lightly contaminated with residual magic.
As you read the scroll of blinking, it crumbles to dust.
Something hits your wyvern.
Your wyvern closely misses the wyvern.
You have got your breath back.
Your wyvern completely misses the wyvern.
The wyvern bites you!
You die...
Your body disappears without a glow.

##[......# # # #........#
.# ##.####..##.#
#..........# #.###......# #
#.......##.#.#
###.....)....#
####.#...##.#.#### ####
##..............@.# ...####
#.....###.##.####l#
#....... #.###.###.##.# #l#
.....# ..
#.........##.####.###.....#
[..
#####.###.........l.......#
#.. #.# ####.#.......#.###
#.# #.# #.#######.#.# #.#
### #.# #.#######lo.# #.#
#.# #.# #...........###.#
####


You could see a wyvern and 2 friendly wyverns.

Vanquished Creatures
  3 adders
  2 worms (D:2)
  2 dart slugs (D:1)
  3 leopard geckos (D:1)
  A ball python (D:3)
  A giant cockroach (D:1)
  9 goblins
  4 hobgoblins
  4 kobolds
  A quokka (D:2)
  5 bats
  3 frilled lizards
  A quokka skeleton (D:2)
  A quokka zombie (D:3)
  7 rats
47 creatures vanquished.

Vanquished Creatures (others)
  5 toadstools (D:1)
5 creatures vanquished.

Grand Total: 52 creatures vanquished

Notes
Turn   | Place    | Note
-------+----------+-------------------------------------------
     0 | D:1      | Geeful the Naga Warper began the quest for the Orb.
     0 | D:1      | Reached XP level 1. HP: 19/19 MP: 3/3
   121 | D:1      | Reached skill level 1 in Stealth
   315 | D:1      | Reached XP level 2. HP: 24/26 MP: 5/5
   471 | D:1      | Learned a level 2 spell: Shroud of Golubria
   474 | D:1      | Learned a level 2 spell: Blink
  1111 | D:1      | Reached XP level 3. HP: 32/32 MP: 6/6
  1639 | D:2      | Found an iron altar of Okawaru.
  1639 | D:2      | Found a hide-covered altar of Uskayaw.
  1953 | D:2      | Found a hazy altar of Hepliaklqana.
  2282 | D:2      | Found a shimmering altar of Xom.
  2305 | D:2      | Reached XP level 4. HP: 28/39 MP: 7/7
  2465 | D:2      | Reached skill level 1 in Charms
  2476 | D:2      | Found a sparkling altar of Nemelex Xobeh.
  2484 | D:2      | Became a worshipper of Nemelex Xobeh the Trickster
  2594 | D:2      | Received a gift from Nemelex Xobeh
  3124 | D:3      | Noticed a wyvern
  3131 | D:3      | Mangled by a wyvern

Vault maps used:
D:1:      ldierk_walled_garden, serial_forest, infiniplex_forest_end_3,
          infiniplex_forest_lined_3, infiniplex_forest_straight_3,
          infiniplex_forest_end_double, infiniplex_forest_fountain,
          minmay_pentomino_p4
D:2:      lemuel_doored_altar, marbit_many_paths, lemuel_crystal_altar,
          nicolae_overflow_hidden_temple, gammafunk_temple_overflow_elements
D:3:      nrook_uturn, amethyst_killhole, minivault_24, uniq_ijyb

Skill      XL: |  1  2  3  4 |
---------------+-------------+-----
Stealth        | 1 2 3 |  3.4
Charms         | 1 |  1.0
Short Blades   | 3 |  3.1
Fighting       | |  2.2
Throwing       | |  0.8
Armour         | |  0.7
Dodging        | |  1.5
Spellcasting   | |  2.5
Translocations | |  3.0

Action                   |  1- 3 |  4- 6 || total
-------------------------+-------+-------++-------
Melee: Short sword       |   154 |    43 ||   197
 Cast: Shroud of Golubri |     1 |     1 ||     2
 Abil: Spit Poison       |    11 |     3 ||    14
Evoke: Deck              |       |     1 ||     1
  Use: Scroll            |       |     4 ||     4
 Stab: Sleeping          |     2 |     3 ||     5
  Eat: Chunk             |     4 |     2 ||     6
Armor: Leather armour    |    27 |    25 ||    52
Dodge: Dodged            |    65 |    33 ||    98

Table legend:
 A = Non-vault XP
 B = Vault XP
 C = Vault XP percentage of total XP
 D = Non-vault monster count
 E = Vault monster count
 F = Vault count percentage of total count
                 A         B        C        D         E       F
            +---------+---------+-------+---------+---------+-------
      Total |     118 |       8 |   6.3 |      42 |       5 |  10.6
            +---------+---------+-------+---------+---------+-------
        D:1 |      35 |       7 |  16.7 |      17 |       4 |  19.0
        D:2 |      46 |       1 |   2.1 |      16 |       1 |   5.9
        D:3 |      37 |       0 |   0.0 |       9 |       0 |   0.0
            +---------+---------+-------+---------+---------+-------
